Map: Blackpink LE

Players

JohnSnow

  • Race: Terran Terran
  • Spawn Location: 1:00

A.I. 1 (Hard) - Winner!

  • Race: Terran Terran
  • Spawn Location: 7:00

VOD

Have the link to the VOD?

Description

Time

  • Played on: Jan. 13, 2018, 10:17 a.m.
  • Length: 6:58
Show
View Real Time Build Order
Export as new Build Order

JohnSnow Terran 

Build Orders: Reaper Expand 

Get SALT Encoding   

  12  0:01  SCV  
  13  0:13  SCV  
  14  0:19  Supply Depot  
  14  0:26  SCV  
  15  0:40  SCV  
  15  0:42  Barracks  
  16  0:53  SCV  
  17  1:00  Refinery  
  17  1:05  SCV  
  18  1:17  SCV  
  19  1:45  Command Center  
  19  1:48  Orbital Command  
  19  1:51  Reaper  
  20  2:19  SCV  
  21  2:32  Barracks  
  21  2:48  Barracks Reactor  
  21  2:58  Refinery  
  21  3:06  SCV  
  22  3:15  Orbital Command  
  22  3:17  Supply Depot  
  22  3:23  SCV  
  23  3:33  Barracks Tech Lab  
  23  3:34  Factory  
  23  3:35  SCV  
  24  3:46  SCV  
  24  3:47  SCV  
  26  3:58  SCV  
  26  3:59  SCV  
  28  4:09  Marine x3  
  31  4:17  Supply Depot  
  31  4:27  Marine x3  
  31  4:28  SCV x2  
  36  4:38  Factory Reactor  
  36  4:40  SCV x2  
  36  4:42  Starport, Supply Depot  
  36  4:45  Marine x2  
  40  4:52  SCV  
  41  5:04  Bunker  
  41  5:17  SCV x2  
  43  5:25  Marine x3  
  46  5:29  SCV x2  
  46  5:30  Medivac  
  50  5:42  SCV x2  
  52  5:43  Marine x2  
  54  5:54  SCV x2  
  55  6:00  Medivac, Supply Depot  
  51  6:06  Marine  
  51  6:07  Marine x2  
  45  6:12  SCV  
  43  6:24  Marine x2  
  43  6:25  Marine  
Show
View Real Time Build Order
Export as new Build Order

A.I. 1 (Hard) Terran - Winner!

Build Orders:  

Get SALT Encoding   

  12  0:00  SCV  
  13  0:13  SCV  
  14  0:18  Supply Depot  
  14  0:25  SCV  
  15  0:40  SCV  
  16  0:43  Barracks  
  16  0:49  Refinery  
  16  0:52  SCV  
  17  1:04  SCV  
  18  1:16  SCV  
  19  1:23  Supply Depot  
  19  1:28  SCV  
  19  1:31  Marine  
  21  1:42  Barracks, Orbital Command  
  21  1:50  Refinery, Barracks Tech Lab  
  21  2:07  Supply Depot  
  21  2:08  Marine  
  22  2:26  Marine  
  22  2:29  Marine  
  24  2:44  Marine  
  25  2:47  Marine, Supply Depot  
  26  2:54  SCV  
  27  3:02  Marauder  
  27  3:04  Marine  
  30  3:06  SCV  
  30  3:07  Engineering Bay  
  31  3:18  SCV  
  32  3:22  Marine  
  32  3:23  Marine  
  32  3:25  Supply Depot  
  34  3:30  SCV  
  35  3:40  Marine  
  36  3:41  Marauder  
  36  3:42  SCV  
  39  3:54  SCV  
  40  3:58  Marine  
  41  4:03  Marauder  
  43  5:14  Reaper, Barracks Tech Lab  
  43  5:16  Factory  
  43  5:18  Factory  
  43  5:20  Missile Turret  
  44  5:21  Missile Turret  
  44  5:30  Supply Depot  
  44  5:31  Combat Shields  
  44  5:32  Marauder  
  45  5:42  Bunker  
  45  5:46  Reaper, Command Center  
  46  5:53  Marauder  
  47  6:00  Factory Tech Lab  
  47  6:02  Starport  
  45  6:05  Starport  
  45  6:06  Factory Tech Lab  
  45  6:14  Marine  
  46  6:19  Marauder  
  48  6:28  Barracks  
  48  6:32  Marine  
  49  6:39  Starport Tech Lab  
  49  6:42  Starport Tech Lab  
Tags
 
Matchup
TvT
Race
Terran
Spawn Locations
Cross Positions
Add a new tag
Caveats
  • Supply blocks, unpowered buildings, or Contaminate may cause inaccurate times.
  • Supply counts are checked every 10 seconds.